 Dungeon Crawl Stone Soup version 0.23.2-32-g37ab1d4649 (webtiles) character file.

Game seed: 11608189631542035954

81 FABLE the Ducker (level 4, -7/23 HPs)
             Began as a Spriggan Abyssal Knight on June 26, 2019.
             Was a Follower of Makhleb.
             Mangled by a thrashing horror (8 damage)
             ... on level 1 of the Abyss.
             The game lasted 00:15:12 (1969 turns).

FABLE the Ducker (Spriggan Abyssal Knight)          Turns: 1969, Time: 00:15:13

Health: -7/23      AC:  2    Str:  8    XL:     4   Next: 19%
Magic:  0/6        EV: 20    Int: 13    God:    Makhleb [*.....]
Gold:   119        SH:  0    Dex: 16    Spells: 3/3 levels left

rFire    . . .     SeeInvis +   m - +1 hand axe (elec)
rCold    . . .     Gourm    +   (shield restricted)
rNeg     . . .     Faith    .   j - +0 animal skin
rPois    .         Spirit   +   (helmet restricted)
rElec    +         Reflect  .   e - scarf {Spirit}
rCorr    +         Harm     .   (gloves unavailable)
MR       .....                  (boots unavailable)
Stlth    +.........             w - amulet of the gourmand
HPRegen  0.07/turn              p - ring of resist corrosion
MPRegen  0.10/turn              (no ring)

@: very quick
A: very small, unfitting armour, hooves 1, see invisible, herbivore, speed 3,
electricity resistance, slow metabolism 2
a: Renounce Religion


You were on level 1 of the Abyss.
You worshipped Makhleb.
Makhleb was aware of your devotion.
You were not hungry.

You visited 1 branch of the dungeon, and saw 2 of its levels.
You visited the Abyss 2 times.

You collected 119 gold pieces.

Inventory:

Hand Weapons
 a - a +1 short sword
 f - a +0 falchion
 h - a +0 short sword
 m - a +1 hand axe of electrocution (weapon)
Missiles
 i - 155 stones (quivered)
 o - 6 large rocks
 t - 19 arrows
Armour
 b - a +0 robe
 e - a scarf of spirit shield (worn)
 j - a +0 animal skin (worn)
 l - a +0 helmet
 r - a +1 leather armour of poison resistance
 s - a +0 leather armour
Jewellery
 p - a ring of resist corrosion (left hand)
 w - an amulet of the gourmand (around neck)
Scrolls
 d - a scroll of amnesia {unknown}
 g - a scroll of enchant armour {unknown}
 k - 3 scrolls of identify {unknown}
 n - a scroll of teleportation {unknown}
 q - a scroll of magic mapping {unknown}
 u - a scroll of fog {unknown}
 v - a scroll of random uselessness {unknown}
Comestibles
 c - 4 rations


   Skills:
 + Level 2.8 Fighting
 + Level 3.5 Short Blades
 + Level 0.2 Throwing
 + Level 4.6 Dodging
 + Level 0.4 Stealth
 + Level 2.1 Invocations


You had 3 spell levels left.
You didn't know any spells.
Your spell library was empty.

Dungeon Overview and Level Annotations

Branches:
Dungeon (2/15)

Altars:
Makhleb


Innate Abilities, Weirdness & Mutations

You are very small and have problems with some larger weapons.
You are too small for most types of armour.
You have supernaturally acute eyesight. (SInv)
You are a herbivore.
You cover ground extremely quickly.
You need to consume almost no food.
You have large cloven feet.
You are resistant to electric shocks. (rElec)


Message History

Okay, then.
The thrashing horror misses you. The thrashing horror tramples you.
You hold your ground!
You barely miss the thrashing horror.
The thrashing horror completely misses you.
The thrashing horror tramples you but does no damage.
You hit the thrashing horror.
The thrashing horror is lightly damaged.
The thrashing horror tramples you!
Ouch! That really hurt!
* * * LOW HITPOINT WARNING * * *
You hold your ground!
The thrashing horror tramples you.
* * * LOW HITPOINT WARNING * * *
You hold your ground!
The thrashing horror completely misses you.
The thrashing horror tramples you.
* * * LOW HITPOINT WARNING * * *
You stumble backwards!
The thrashing horror tramples you!
You die...

#..# .### #
..#....###..##.# .. #..
...#....#.. #.. #.....
#..#.##.##...#.# #
#.#.##....#....#....
..#.##.#.#....#....#.
.#......#..#..#.... .
#..##...X##....... .#
.......@##.#...###....#
.####.##...####.#..# .
# #.##..>...# # ... . .
#...>... ....# .....##.
.#####.# #.....####. #
. # # #. #...#.. .## .
# #... ...#.# # # .##.
.. ..#


You could see a thrashing horror.

Vanquished Creatures
  Robin (D:2)
  An adder (D:2)
  A worm (D:2)
  2 leopard geckos
  3 giant cockroaches
  8 hobgoblins
  2 jackals (D:1)
  7 kobolds
  2 quokkas (D:2)
  6 bats
  A frilled lizard (D:1)
  12 goblins
  8 rats
54 creatures vanquished.

Notes
Turn   | Place    | Note
-------+----------+-------------------------------------------
     0 | Abyss:1  | FABLE the Spriggan Abyssal Knight began the quest for the
                  | Orb.
     0 | Abyss:1  | Reached XP level 1. HP: 11/11 MP: 3/3
    19 | D:1      | Escaped the Abyss
   179 | D:1      | Reached XP level 2. HP: 8/16 MP: 2/4
   395 | D:1      | Reached skill level 4 in Dodging
   616 | D:1      | Reached ** piety under Lugonu
   720 | D:1      | Reached XP level 3. HP: 17/19 MP: 3/5
  1402 | D:2      | Found a faded altar of an unknown god.
  1404 | D:2      | Fell from the grace of Lugonu
  1404 | D:2      | Became a worshipper of Makhleb the Destroyer
  1404 | D:2      | Reached * piety under Makhleb
  1477 | D:2      | Gained mutation: You are resistant to electric shocks.
                  | (rElec) [potion of mutation]
  1477 | D:2      | Gained mutation: You have large cloven feet. [potion of
                  | mutation]
  1488 | D:2      | Noticed Robin
  1499 | D:2      | Killed Robin
  1499 | D:2      | Reached XP level 4. HP: 23/23 MP: 4/6
  1873 | D:2      | Cast into level 1 of the Abyss (Lugonu's touch)
  1926 | Abyss:1  | Noticed a large abomination
  1949 | Abyss:1  | Noticed a thrashing horror
  1968 | Abyss:1  | HP: 1/23 [thrashing horror (4)]
  1969 | Abyss:1  | Mangled by a thrashing horror

Skill      XL: |  1  2  3 |
---------------+----------+-----
Invocations    | 2 |  2.1
Dodging        | 4 |  4.6
Short Blades   | 3 |  3.5
Fighting       | |  2.8
Throwing       | |  0.2
Stealth        | |  0.4

Action                   |  1- 3 |  4- 6 || total
-------------------------+-------+-------++-------
Melee: Short sword       |   133 |    13 ||   146
       Kick              |     2 |     3 ||     5
       Hand axe          |       |    14 ||    14
Throw: Stone             |     6 |       ||     6
  Use: Potion            |     5 |     1 ||     6
 Stab: Distracted        |     1 |       ||     1
       Sleeping          |       |     1 ||     1
Armor: Robe              |     8 |       ||     8
       Animal skin       |       |     2 ||     2
Dodge: Dodged            |    89 |    26 ||   115
